cohdb
Replays
Latest Replays
All Replays
Popular Replays
Top Player Replays
Match Explorer
How It Works
Community
CoH3 Stats
Reddit
Sign in to upload your games and track your stats! →
Sign in with Steam
Match 45794163
Unlisted
Match 45794163
Overview
Messages
Build Orders
End
Pioneer Squad
Construct Infanterie Kompanie
Selects Terror Battlegroup
Selects Machine Gun Camouflage
MG 42 Machine Gun Team
MG 42 Machine Gun Team
Grenadier Squad
Construct Luftwaffe Kompanie
Jäger Squad
221 Scout Car
Flak 30 Anti-aircraft Gun Team
Jäger Squad
Medical Bunker
Pioneer Squad
Construct Panzer Kompanie
Panzer IV Medium Tank
Selects No Quarter
oguzhanmj
Wolfe
0
0
Comments
sign in to comment!
No comments posted yet!